| TOP OF THE 1ST |
|---|
| Colorado Buffaloes batting - Pitching for Baylor Bears : LHP Mike Krebs | | Pitching: LHP Mike Krebs | | | Batting: RHB Danny Barbosa | 0-0: Foul Ball, location: 2F 0-1: Foul Ball, location: 2F 0-2: Foul Ball, location: 2F 0-2: Strikes out swinging | | Batting: RHB Matt Cameron | 0-0: Ball 1-0: Fly out, F9 (Flyball, 9) | | Batting: RHB Fred Shaw | 0-0: Foul Ball, location: 2F 0-1: Foul Ball, location: 2F 0-2: Foul Ball, location: 2F 0-2: Ball 1-2: Strikes out looking | | Top of the 1st over - 0 run(s), 0 hit(s), 0 error(s), 0 left on base; Colorado 0 - Baylor 0 | | BOTTOM OF THE 1ST |
|---|
| Baylor Bears batting - Pitching for Colorado Buffaloes : RHP Riley Marsh | | Pitching: RHP Riley Marsh | | | Batting: RHB Jason Bernhard | 0-0: Ball 1-0: Bunted foul 1-1: Called Strike 1-2: Ball 2-2: Ball 3-2: DOUBLE (Line Drive, 7LM) | | Batting: RHB Stephen Howard | 0-0: Swinging Strike 0-1: DOUBLE (Line Drive, 78D) Jason Bernhard scores | | Batting: SHB Matt Blohm | 0-0: Foul Ball, location: 2F 0-1: Ball 1-1: SINGLE (Line Drive, 7LM) Stephen Howard to third | | Batting: RHB Mike Hossack | 0-0: Ball 1-0: Foul Ball, location: 2F 1-1: Ball Matt Blohm is caught stealing 2nd base 2-1: DOUBLE (Flyball, 78D) Stephen Howard scores | | Batting: LHB Danny Barfield | 0-0: Foul Ball, location: 2F 0-1: Ball 1-1: Ball 2-1: Foul Ball, location: 2F 2-2: Ground out 6-3 (Groundball, 6) | | Batting: RHB James Franklin | 0-0: Fly out, F9 (Flyball, 9D) | | Bottom of the 1st over - 2 run(s), 4 hit(s), 0 error(s), 1 left on base; Colorado 0 - Baylor 2 | | TOP OF THE 2ND |
|---|
| Colorado Buffaloes batting - Pitching for Baylor Bears : LHP Mike Krebs | | Batting: LHB Doug High | 0-0: Called Strike 0-1: Ball 1-1: Called Strike 1-2: Fly out, F7 (Flyball, 78M) | | Batting: RHB Dustin Layman | 0-0: Called Strike 0-1: Ball 1-1: SINGLE (Line Drive, 4MD) | | Batting: LHB Pete Bachrach | 0-0: Ball 1-0: Called Strike 1-1: Swinging Strike 1-2: Foul Ball, location: 2F 1-2: Strikes out swinging | | Batting: RHB Peter Jarnov | 0-0: Called Strike 0-1: Ground out 4-3 (Groundball, 4) | | Top of the 2nd over - 0 run(s), 1 hit(s), 0 error(s), 1 left on base; Colorado 0 - Baylor 2 | | BOTTOM OF THE 2ND |
|---|
| Baylor Bears batting - Pitching for Colorado Buffaloes : RHP Riley Marsh | | Batting: RHB Ken Boyes | 0-0: Ball 1-0: Ball 2-0: Ball 3-0: Base on Balls | | Batting: SHB Chris Nachman | 0-0: Swinging Strike 0-1: Ball 1-1: Ground out 4-3 (Groundball, 34) Ken Boyes to second | | Batting: LHB Jose Mendez | 0-0: DOUBLE (Flyball, 78D) Ken Boyes scores | | Batting: RHB Jason Bernhard | 0-0: Ball Wild Pitch! Jose Mendez to third 1-0: Ball 2-0: Ground out 3-1 (Groundball, 34S) Jose Mendez scores | | Batting: RHB Stephen Howard | 0-0: Ball 1-0: Ball 2-0: Ball 3-0: Called Strike 3-1: DOUBLE (Groundball, 5L) | | Batting: SHB Matt Blohm | 0-0: Ball 1-0: Ball 2-0: Called Strike 2-1: Swinging Strike 2-2: Ball 3-2: Base on Balls | | Batting: RHB Mike Hossack | 0-0: Called Strike 0-1: Ball 1-1: Fly out, F7 (Flyball, 7LS) | | Bottom of the 2nd over - 2 run(s), 2 hit(s), 0 error(s), 2 left on base; Colorado 0 - Baylor 4 | | TOP OF THE 3RD |
|---|
| Colorado Buffaloes batting - Pitching for Baylor Bears : LHP Mike Krebs | | Batting: LHB Aaron Rollins | 0-0: Swinging Strike 0-1: Ball 1-1: Ball 2-1: Foul Ball, location: 2F 2-2: Ball 3-2: Base on Balls | | Batting: RHB Joe Burroughs | 0-0: Ball 1-0: SINGLE (Line Drive, 6MD) Aaron Rollins to second | | Batting: RHB Danny Barbosa | 0-0: Called Strike 0-1: Ball 1-1: Ball 2-1: Foul Ball, location: 2F 2-2: Fly out, F8 (Flyball, 8LD) | | Batting: RHB Matt Cameron | 0-0: Foul Ball, location: 2F 0-1: Ball 1-1: Fly out, F4 (Flyball, 4D) | | Batting: RHB Fred Shaw | 0-0: Ball 1-0: Ball 2-0: Fielders Choice at 2nd, 6-4 (Groundball, 6) | | Top of the 3rd over - 0 run(s), 1 hit(s), 0 error(s), 1 left on base; Colorado 0 - Baylor 4 | | BOTTOM OF THE 3RD |
|---|
| Baylor Bears batting - Pitching for Colorado Buffaloes : RHP Riley Marsh | | Batting: LHB Danny Barfield | 0-0: Called Strike 0-1: Foul Ball, location: 2F 0-2: Ball 1-2: Strikes out swinging | | Batting: RHB James Franklin | 0-0: Swinging Strike 0-1: Called Strike 0-2: Ball 1-2: Fly out, F6 (Popup, 6MD) | | Batting: RHB Ken Boyes | 0-0: Ball 1-0: Fly out, F9 (Flyball, 9) | | Bottom of the 3rd over - 0 run(s), 0 hit(s), 0 error(s), 0 left on base; Colorado 0 - Baylor 4 | | TOP OF THE 4TH |
|---|
| Colorado Buffaloes batting - Pitching for Baylor Bears : LHP Mike Krebs | | Batting: LHB Doug High | 0-0: Ball 1-0: SINGLE (Line Drive, 89S) | | Batting: RHB Dustin Layman | 0-0: Ball 1-0: Swinging Strike 1-1: Ball 2-1: SINGLE (Groundball, 56D) Doug High to second | | Batting: LHB Pete Bachrach | 0-0: Called Strike 0-1: Foul Ball, location: 2F 0-2: Strikes out swinging | | Batting: RHB Peter Jarnov | 0-0: Foul Ball, location: 2F 0-1: Fly out, F8 (Flyball, 89M) | | Batting: LHB Aaron Rollins | 0-0: Ball Wild Pitch! Doug High to third Dustin Layman to second 1-0: Fly out, F8 (Flyball, 89D) | | Top of the 4th over - 0 run(s), 2 hit(s), 0 error(s), 2 left on base; Colorado 0 - Baylor 4 | | BOTTOM OF THE 4TH |
|---|
| Baylor Bears batting - Pitching for Colorado Buffaloes : RHP Riley Marsh | | Batting: SHB Chris Nachman | 0-0: Ball 1-0: Foul Ball, location: 2F 1-1: Foul Ball, location: 2F 1-2: Hit by Pitch | | Batting: LHB Jose Mendez | 0-0: Called Strike 0-1: Ball 1-1: Ball 2-1: Foul Ball, location: 2F 2-2: Ball 3-2: Foul Ball, location: 2F 3-2: Foul Ball, location: 2F 3-2: Foul Ball, location: 2F 3-2: Foul Ball, location: 2F 3-2: Fly out, F8 (Flyball, 8LS) | | Batting: RHB Jason Bernhard | 0-0: Ball 1-0: SINGLE (Flyball, 8RS) Chris Nachman to second | | Batting: RHB Stephen Howard | 0-0: Foul Ball, location: 2F 0-1: Fly out, F9 (Flyball, 89M) | | Batting: SHB Matt Blohm | 0-0: Ball 1-0: Called Strike 1-1: Ball 2-1: Swinging Strike 2-2: SINGLE (Flyball, 89S) Chris Nachman to third Jason Bernhard to second Runner from 3rd tries for Home, SAFE, throw made home | | Pitching: LHP Cody Bevis | | | Batting: RHB Mike Hossack | 0-0: Ball 1-0: Ball 2-0: Fly out, F9 (Line Drive, 89M) | | Bottom of the 4th over - 1 run(s), 2 hit(s), 0 error(s), 2 left on base; Colorado 0 - Baylor 5 | | TOP OF THE 5TH |
|---|
| Colorado Buffaloes batting - Pitching for Baylor Bears : LHP Mike Krebs | | Batting: RHB Joe Burroughs | 0-0: Foul Ball, location: 2F 0-1: Ground out 6-3 (Groundball, 56) | | Batting: RHB Danny Barbosa | 0-0: Called Strike 0-1: Swinging Strike 0-2: Foul Ball, location: 2F 0-2: Ball 1-2: Strikes out looking | | Batting: RHB Matt Cameron | 0-0: Ball 1-0: Swinging Strike 1-1: Ball 2-1: Swinging Strike 2-2: Ball 3-2: Ground out 4-3 (Groundball, 4) | | Top of the 5th over - 0 run(s), 0 hit(s), 0 error(s), 0 left on base; Colorado 0 - Baylor 5 | | BOTTOM OF THE 5TH |
|---|
| Baylor Bears batting - Pitching for Colorado Buffaloes : LHP Cody Bevis | | Batting: LHB Danny Barfield | 0-0: Ball 1-0: Ball 2-0: Ball 3-0: Called Strike 3-1: Called Strike 3-2: Foul Ball, location: 2F 3-2: Base on Balls | | Batting: RHB James Franklin | 0-0: Foul Ball, location: 2F 0-1: Ball 1-1: Ball 2-1: Ball 3-1: Swinging Strike 3-2: Foul Ball, location: 2F 3-2: Foul Ball, location: 2F 3-2: Foul Ball, location: 2F 3-2: Base on Balls Danny Barfield to second | | Batting: RHB Ken Boyes | 0-0: Ball 1-0: Foul Ball, location: 2F 1-1: Foul Ball, location: 2F 1-2: Ball 2-2: Strikes out swinging | | Batting: SHB Chris Nachman | 0-0: Called Strike 0-1: Called Strike 0-2: Ball 1-2: DOUBLE (Line Drive, 7LM) Danny Barfield scores James Franklin to third Runner from 3rd tries for Home, SAFE, no throw | | Batting: LHB Jose Mendez | 0-0: SINGLE (Groundball, 34) (infield hit) Chris Nachman to third | | Batting: RHB Jason Bernhard | 0-0: Called Strike 0-1: Hit by Pitch Jose Mendez to second | | Batting: RHB Stephen Howard | 0-0: Ball 1-0: Called Strike 1-1: Fly out, F4 (Line Drive, 4) | | Batting: SHB Matt Blohm | 0-0: SINGLE (Groundball, 6S) (infield hit) Chris Nachman scores Jose Mendez to third Jason Bernhard to second | | Batting: RHB Mike Hossack | 0-0: Ball 1-0: Foul Ball, location: 2F 1-1: Foul Ball, location: 2F 1-2: SINGLE (Groundball, 6MD) Jose Mendez scores Jason Bernhard to third Matt Blohm to second Runner from 3rd tries for Home, SAFE, no throw | | Batting: LHB Danny Barfield | 0-0: Ball 1-0: Ground out U3 (Groundball, 34) | | Bottom of the 5th over - 5 run(s), 4 hit(s), 0 error(s), 2 left on base; Colorado 0 - Baylor 10 | | TOP OF THE 6TH |
|---|
| Colorado Buffaloes batting - Pitching for Baylor Bears : LHP Mike Krebs | | Batting: RHB Fred Shaw | 0-0: Ball 1-0: Called Strike 1-1: Ground out 5-3 (Groundball, 56S) | | Batting: LHB Doug High | 0-0: Ball 1-0: DOUBLE (Line Drive, 8RD) | | Batting: RHB Dustin Layman | 0-0: Fly out, F7 (Flyball, 7LSF) | | Batting: LHB Pete Bachrach | 0-0: Called Strike 0-1: Foul Ball, location: 2F 0-2: Ball 1-2: Ball 2-2: Foul Ball, location: 2F 2-2: Ground out 6-3 (Groundball, 6M) | | Top of the 6th over - 0 run(s), 1 hit(s), 0 error(s), 1 left on base; Colorado 0 - Baylor 10 | | BOTTOM OF THE 6TH |
|---|
| Baylor Bears batting - Pitching for Colorado Buffaloes : LHP Cody Bevis | | Batting: RHB James Franklin | 0-0: Called Strike 0-1: Ground out 1-3 (Groundball, P) | | Batting: RHB Ken Boyes | 0-0: DOUBLE (Line Drive, 7LD) | | Batting: SHB Chris Nachman | 0-0: Ball 1-0: Swinging Strike 1-1: Foul Ball, location: 2F 1-2: SINGLE (Line Drive, 8RS) Ken Boyes to third Runner from 3rd tries for Home, SAFE, throw made home Chris Nachman to second | | Batting: LHB Jose Mendez | 0-0: Ball 1-0: Ball 2-0: Called Strike 2-1: Ball 3-1: Base on Balls | | Batting: RHB Jason Bernhard | 0-0: Swinging Strike 0-1: Ball 1-1: Called Strike 1-2: Foul Ball, location: 2F 1-2: SINGLE (Line Drive, 78M) Chris Nachman to third Jose Mendez to second | | Batting: RHB Stephen Howard | 0-0: Ball 1-0: Called Strike 1-1: Hit by Pitch Chris Nachman scores Jose Mendez to third Jason Bernhard to second | | Batting: SHB Matt Blohm | 0-0: Ball 1-0: Foul Ball, location: 2F 1-1: SINGLE (Line Drive, 7LS) Jose Mendez scores Jason Bernhard to third Stephen Howard to second | | Pitching: LHP Roy Krieg | | | Batting: RHB Mike Hossack | 0-0: Grounds into double play, 4-6-3 (Groundball, 4) | | Bottom of the 6th over - 3 run(s), 4 hit(s), 0 error(s), 2 left on base; Colorado 0 - Baylor 13 | | TOP OF THE 7TH |
|---|
| Colorado Buffaloes batting - Pitching for Baylor Bears : LHP Mike Krebs | | Pitching: LHP Tim Reed | | | Batting: RHB Peter Jarnov | 0-0: Ball 1-0: Called Strike 1-1: Fly out, F4 (Line Drive, 4M) | | Batting: LHB Aaron Rollins | 0-0: Ball 1-0: Called Strike 1-1: Ball 2-1: Swinging Strike 2-2: Ball 3-2: Base on Balls | | Batting: RHB Joe Burroughs | 0-0: SINGLE (Line Drive, 7S) Aaron Rollins to second | | Batting: RHB Danny Barbosa | 0-0: Called Strike 0-1: Swinging Strike 0-2: Ball 1-2: Ball 2-2: Strikes out looking | | Batting: RHB Matt Cameron | 0-0: Fly out, F9 (Flyball, 9S) | | Top of the 7th over - 0 run(s), 1 hit(s), 0 error(s), 2 left on base; Colorado 0 - Baylor 13 | | BOTTOM OF THE 7TH |
|---|
| Baylor Bears batting - Pitching for Colorado Buffaloes : LHP Roy Krieg | | Batting: LHB Danny Barfield | 0-0: Called Strike 0-1: Foul Ball, location: 2F 0-2: SINGLE (Flyball, 89S) | | Batting: RHB James Franklin | 0-0: Called Strike 0-1: Swinging Strike 0-2: Strikes out looking | | Batting: RHB Ken Boyes | 0-0: Ball 1-0: Ball 2-0: SINGLE (Groundball, 34D) Danny Barfield to second Throwing error, E9 Danny Barfield scores Ken Boyes to second | | Batting: SHB Chris Nachman | 0-0: Ground out 3-1 (Groundball, 34S) Ken Boyes to third | | Batting: LHB Jose Mendez | 0-0: Ball 1-0: Swinging Strike 1-1: Ball 2-1: Foul Ball, location: 2F 2-2: Ball 3-2: Base on Balls | | Batting: RHB Jason Bernhard | 0-0: Ball 1-0: Called Strike 1-1: Foul Ball, location: 2F 1-2: Foul Ball, location: 2F 1-2: Fly out, F4 (Line Drive, 4) | | Bottom of the 7th over - 1 run(s), 2 hit(s), 1 error(s), 2 left on base; Colorado 0 - Baylor 14 | | TOP OF THE 8TH |
|---|
| Colorado Buffaloes batting - Pitching for Baylor Bears : LHP Tim Reed | | Batting: RHB Fred Shaw | 0-0: Called Strike 0-1: Fly out, F7 (Flyball, 7S) | | Batting: LHB Doug High | 0-0: Ball 1-0: Called Strike 1-1: Ball 2-1: Foul Ball, location: 2F 2-2: Ball 3-2: Fly out, F8 (Flyball, 8RM) | | Batting: RHB Dustin Layman | 0-0: Fly out, F8 (Flyball, 8LS) | | Top of the 8th over - 0 run(s), 0 hit(s), 0 error(s), 0 left on base; Colorado 0 - Baylor 14 | | BOTTOM OF THE 8TH |
|---|
| Baylor Bears batting - Pitching for Colorado Buffaloes : LHP Roy Krieg | | Batting: RHB Stephen Howard | 0-0: Called Strike 0-1: Swinging Strike 0-2: Foul Ball, location: 2F 0-2: Fly out, F7 (Flyball, 7S) | | Batting: SHB Matt Blohm | 0-0: Ball 1-0: Ball 2-0: Foul Ball, location: 2F 2-1: Called Strike 2-2: Ball 3-2: Base on Balls | | Batting: RHB Mike Hossack | 0-0: Ball 1-0: Foul Ball, location: 2F 1-1: DOUBLE (Line Drive, 89D) Matt Blohm to third Runner from 3rd tries for Home, SAFE, no throw | | Batting: LHB Danny Barfield | 0-0: Called Strike 0-1: Ball 1-1: Ball 2-1: Ball 3-1: Base on Balls | | Batting: RHB James Franklin | 0-0: Foul Ball, location: 2F 0-1: Ball 1-1: Foul Ball, location: 2F 1-2: Strikes out looking | | Batting: RHB Ken Boyes | 0-0: Ball 1-0: SINGLE (Line Drive, 4M) Mike Hossack to third Danny Barfield to second | | Batting: SHB Chris Nachman | 0-0: Ball 1-0: Foul Ball, location: 2F 1-1: SINGLE (Groundball, 56D) Mike Hossack scores Danny Barfield to third Ken Boyes to second Throwing error, E7 Danny Barfield scores Ken Boyes to third Chris Nachman to second | | Batting: LHB Jose Mendez | 0-0: Ball 1-0: Ball 2-0: Ball 3-0: Base on Balls | | Batting: RHB Jason Bernhard | 0-0: Foul Ball, location: 2F 0-1: Ball 1-1: Foul Ball, location: 2F 1-2: Fielders Choice at 2nd, 6-4 (Groundball, 6) | | Bottom of the 8th over - 3 run(s), 3 hit(s), 1 error(s), 2 left on base; Colorado 0 - Baylor 17 | | TOP OF THE 9TH |
|---|
| Colorado Buffaloes batting - Pitching for Baylor Bears : LHP Tim Reed | | Now at 1B: R.J. Garcia | | | Batting: LHB Pete Bachrach | 0-0: Called Strike 0-1: Fly out, F8 (Flyball, 8RM) | | Batting: RHB Peter Jarnov | 0-0: Ball 1-0: Foul Ball, location: 2F 1-1: Called Strike 1-2: Ball 2-2: Ground out 6-3 (Groundball, 6) | | Batting: LHB Aaron Rollins | 0-0: Fly out, F9 (Flyball, 9) | | Top of the 9th over - 0 run(s), 0 hit(s), 0 error(s), 0 left on base; Colorado 0 - Baylor 17 | |